[ AOE2 MATCH · #507666042 ]
UnrankedBritons vs Hindustanis
Player's team · LOSS
[ REPLAY ANALYSIS · EXTRACTED FROM THE RECORDED GAME ]
Feudal
11:31
Castle
20:32
Imperial
—
| APM avg | 69.4 |
| APM peak | 117 |
| eAPM avg | 39.3 |
| Villagers / military | 153 / 95 |
Focus
⚔️ 49.8% · 🌾 50.2%
Archer ×59 · Knight ×24 · Monk ×9 · Militia ×3
Feudal
8:51
Castle
20:16
Imperial
34:49
| APM avg | 103.8 |
| APM peak | 190 |
| eAPM avg | 48.4 |
| Villagers / military | 136 / 91 |
Focus
⚔️ 54.8% · 🌾 45.2%
Ghulam ×66 · Archer ×10 · Monk ×6 · Mangonel ×4 · Spearman ×2 · Skirmisher ×2
Match map
Initial resources + every placement click. Lines = walls · curves = elevation contours. ◆ gold · ⬟ stone · ● berries · ✦ relic · ◌ wall gap
Your base· ✓ Closed at 20:32 · 16t walls · 1 gate(s)
Itz_Zenta's base· Open — 9t gap
Smoothed initial terrain · ◌ = detected wall gap · hover for details
Inputs per minute
— Clearlove - - Itz_Zenta
Build order — Clearlove
First 150 of 381 actions detected
| 0:00 | Queue | Villager (Male) |
| 0:00 | Queue | Villager (Male) |
| 0:00 | Queue | Villager (Male) |
| 0:01 | Build | House |
| 0:02 | Build | House |
| 0:04 | Queue | Villager (Male) |
| 0:05 | Queue | Villager (Male) |
| 1:18 | Queue | Villager (Male) |
| 1:43 | Queue | Villager (Male) |
| 1:43 | Queue | Villager (Male) |
| 1:51 | Build | Lumber Camp |
| 1:57 | Queue | Villager (Male) |
| 1:57 | Queue | Villager (Male) |
| 2:27 | Queue | Villager (Male) |
| 2:54 | Queue | Villager (Male) |
| 2:55 | Queue | Villager (Male) |
| 3:39 | Queue | Villager (Male) |
| 3:39 | Queue | Villager (Male) |
| 3:50 | Build | House |
| 4:02 | Queue | Villager (Male) |
| 4:03 | Queue | Villager (Male) |
| 4:17 | Build | Barracks |
| 4:27 | Build | Palisade Wall |
| 4:36 | Build | Palisade Wall |
| 4:37 | Build | Palisade Wall |
| 4:57 | Queue | Villager (Male) |
| 4:57 | Queue | Villager (Male) |
| 5:03 | Queue | Villager (Male) |
| 5:11 | Queue | Villager (Male) |
| 5:13 | Build | House |
| 5:31 | Queue | Militia |
| 5:42 | Queue | Villager (Male) |
| 5:52 | Queue | Militia |
| 5:55 | Build | Mill |
| 6:11 | Queue | Villager (Male) |
| 6:11 | Queue | Villager (Male) |
| 6:12 | Queue | Villager (Male) |
| 6:24 | Queue | Militia |
| 6:42 | Queue | Villager (Male) |
| 7:09 | Build | Mining Camp |
| 7:37 | Build | House |
| 7:57 | Queue | Villager (Male) |
| 8:01 | Build | Mill |
| 8:10 | Queue | Villager (Male) |
| 8:56 | Queue | Villager (Male) |
| 9:18 | Research | Feudal Age |
| 9:37 | Build | House |
| 9:39 | Build | House |
| 9:40 | Build | Palisade Wall |
| 9:40 | Build | Palisade Wall |
| 10:09 | Build | Lumber Camp |
| 10:16 | Build | Farm |
| 10:17 | Build | Farm |
| 10:21 | Build | Farm |
| 10:25 | Queue | Villager (Male) |
| 10:30 | Build | House |
| 10:31 | Queue | Villager (Male) |
| 11:05 | Build | Palisade Wall |
| 11:11 | Queue | Villager (Male) |
| 11:17 | Research | Loom |
| 11:31 | Age | Feudal Age |
| 11:33 | Build | Archery Range |
| 11:35 | Queue | Villager (Male) |
| 12:10 | Queue | Villager (Male) |
| 12:11 | Queue | Villager (Male) |
| 12:15 | Queue | Villager (Male) |
| 12:17 | Build | Farm |
| 12:19 | Build | Farm |
| 12:20 | Research | Double-Bit Axe |
| 12:23 | Queue | Villager (Male) |
| 12:42 | Queue | Villager (Male) |
| 12:44 | Queue | Villager (Male) |
| 12:46 | Queue | Villager (Male) |
| 12:46 | Queue | Villager (Male) |
| 12:47 | Build | Farm |
| 12:51 | Queue | Villager (Male) |
| 12:52 | Queue | Archer |
| 13:00 | Queue | Villager (Male) |
| 13:02 | Build | Farm |
| 13:09 | Queue | Villager (Male) |
| 13:27 | Queue | Archer |
| 13:35 | Queue | Villager (Male) |
| 13:35 | Queue | Archer |
| 13:39 | Build | Blacksmith |
| 13:45 | Queue | Villager (Male) |
| 13:58 | Queue | Archer |
| 14:16 | Queue | Archer |
| 14:25 | Research | Fletching |
| 14:28 | Research | Padded Archer Armor |
| 14:29 | Queue | Villager (Male) |
| 14:48 | Queue | Archer |
| 15:04 | Queue | Villager (Male) |
| 15:10 | Build | Archery Range |
| 15:16 | Queue | Villager (Male) |
| 15:20 | Build | Farm |
| 15:22 | Build | Farm |
| 15:27 | Build | House |
| 15:33 | Queue | Villager (Male) |
| 15:50 | Queue | Villager (Male) |
| 16:00 | Build | House |
| 16:05 | Build | Farm |
| 16:07 | Build | Palisade Wall |
| 16:10 | Build | Palisade Wall |
| 16:11 | Queue | Archer |
| 16:16 | Queue | Archer |
| 16:37 | Queue | Archer |
| 16:41 | Build | House |
| 16:42 | Build | House |
| 16:43 | Queue | Archer |
| 16:45 | Queue | Villager (Male) |
| 16:50 | Build | Palisade Gate |
| 16:53 | Queue | Archer |
| 16:58 | Build | House |
| 17:14 | Build | House |
| 17:14 | Build | House |
| 17:19 | Queue | Villager (Male) |
| 17:23 | Build | Farm |
| 17:35 | Build | Palisade Wall |
| 17:36 | Build | Palisade Wall |
| 17:39 | Build | Palisade Wall |
| 17:52 | Research | Castle Age |
| 17:52 | Research | Castle Age |
| 17:57 | Build | Farm |
| 18:00 | Build | Farm |
| 18:01 | Build | Farm |
| 18:03 | Build | Farm |
| 18:18 | Research | Horse Collar |
| 18:20 | Queue | Archer |
| 18:31 | Queue | Archer |
| 18:32 | Queue | Villager (Male) |
| 18:35 | Build | House |
| 18:47 | Build | Farm |
| 18:49 | Build | House |
| 18:54 | Build | House |
| 18:55 | Queue | Archer |
| 18:57 | Build | House |
| 19:06 | Queue | Archer |
| 19:15 | Research | Gold Mining |
| 19:30 | Queue | Archer |
| 19:54 | Queue | Villager (Male) |
| 20:11 | Build | House |
| 20:32 | Age | Castle Age |
| 20:34 | Research | Bodkin Arrow |
| 20:35 | Research | Crossbowman (upgrade) |
| 20:45 | Queue | Villager (Male) |
| 20:49 | Build | University |
| 20:57 | Queue | Archer |
| 20:57 | Queue | Archer |
| 20:58 | Queue | Villager (Male) |
| 21:03 | Queue | Villager (Male) |
Build order — Itz_Zenta
First 150 of 404 actions detected
| 0:00 | Queue | Villager (Male) ×4 |
| 0:01 | Build | House |
| 0:02 | Build | House |
| 0:59 | Queue | Villager (Male) |
| 0:59 | Queue | Villager (Male) |
| 1:27 | Queue | Villager (Male) |
| 1:28 | Queue | Villager (Male) |
| 1:55 | Build | Mill |
| 1:56 | Queue | Villager (Male) |
| 1:56 | Queue | Villager (Male) |
| 2:19 | Queue | Villager (Male) |
| 2:19 | Queue | Villager (Male) |
| 2:51 | Queue | Villager (Male) |
| 2:52 | Queue | Villager (Male) |
| 3:12 | Queue | Villager (Male) |
| 3:19 | Build | House |
| 3:25 | Queue | Villager (Male) |
| 3:37 | Queue | Villager (Male) |
| 3:58 | Queue | Villager (Male) |
| 4:09 | Build | House |
| 5:09 | Build | Lumber Camp |
| 5:14 | Research | Loom |
| 5:17 | Queue | Villager (Male) |
| 5:39 | Queue | Villager (Male) |
| 5:39 | Research | Loom |
| 6:39 | Research | Feudal Age |
| 7:46 | Build | House |
| 7:47 | Queue | Villager (Male) |
| 8:02 | Build | Barracks |
| 8:10 | Queue | Villager (Male) |
| 8:31 | Queue | Villager (Male) |
| 8:41 | Build | Palisade Wall |
| 8:42 | Build | Palisade Wall |
| 8:43 | Build | Palisade Wall |
| 8:51 | Age | Feudal Age |
| 8:53 | Queue | Villager (Male) |
| 9:14 | Queue | Villager (Male) |
| 9:16 | Build | Archery Range |
| 9:26 | Research | Double-Bit Axe |
| 9:35 | Queue | Villager (Male) |
| 9:49 | Build | Mining Camp |
| 9:54 | Build | Mill |
| 10:04 | Queue | Archer |
| 10:07 | Queue | Villager (Male) |
| 10:17 | Queue | Spearman |
| 10:19 | Build | House |
| 10:28 | Queue | Villager (Male) |
| 10:39 | Build | House |
| 10:41 | Build | Palisade Wall |
| 10:55 | Queue | Villager (Male) |
| 11:01 | Build | Blacksmith |
| 11:16 | Queue | Villager (Male) |
| 11:23 | Build | Farm |
| 11:31 | Queue | Archer |
| 11:43 | Queue | Archer |
| 11:48 | Queue | Villager (Male) |
| 12:00 | Research | Fletching |
| 12:02 | Queue | Villager (Male) |
| 12:07 | Queue | Villager (Male) |
| 12:13 | Queue | Villager (Male) |
| 12:15 | Queue | Archer |
| 12:18 | Build | Farm |
| 12:20 | Build | Farm |
| 12:21 | Build | Farm |
| 12:44 | Queue | Archer |
| 12:50 | Queue | Villager (Male) |
| 13:08 | Queue | Villager (Male) |
| 13:09 | Build | Farm |
| 13:10 | Build | Farm |
| 13:12 | Build | Farm |
| 13:16 | Queue | Archer |
| 13:22 | Build | House |
| 13:41 | Queue | Villager (Male) |
| 13:48 | Build | Farm |
| 13:50 | Build | House |
| 13:54 | Queue | Villager (Male) |
| 13:56 | Build | Farm |
| 13:58 | Build | Farm |
| 14:09 | Queue | Villager (Male) |
| 14:11 | Research | Horse Collar |
| 14:19 | Build | Palisade Wall |
| 14:23 | Queue | Villager (Male) |
| 14:26 | Build | Palisade Wall |
| 14:31 | Queue | Villager (Male) |
| 14:45 | Queue | Archer |
| 14:47 | Build | Farm |
| 14:54 | Queue | Archer |
| 14:57 | Queue | Villager (Male) |
| 15:00 | Build | Farm |
| 15:07 | Build | Palisade Wall |
| 15:20 | Build | Farm |
| 15:40 | Queue | Villager (Male) |
| 15:53 | Queue | Archer |
| 15:55 | Queue | Villager (Male) |
| 15:57 | Build | Palisade Wall |
| 15:58 | Queue | Villager (Male) |
| 16:05 | Build | Farm |
| 16:06 | Build | Farm |
| 16:07 | Queue | Villager (Male) |
| 16:09 | Build | Palisade Wall |
| 16:09 | Queue | Archer |
| 16:20 | Build | House |
| 16:20 | Build | Palisade Wall |
| 16:44 | Queue | Villager (Male) |
| 16:47 | Build | Palisade Gate |
| 16:48 | Build | Palisade Wall |
| 16:51 | Build | Palisade Wall |
| 17:00 | Queue | Villager (Male) |
| 17:04 | Queue | Skirmisher |
| 17:06 | Queue | Villager (Male) |
| 17:09 | Build | Palisade Wall |
| 17:15 | Build | Mining Camp |
| 17:23 | Build | House |
| 17:31 | Research | Castle Age |
| 17:59 | Research | Scale Mail Armor |
| 18:16 | Queue | Spearman |
| 18:32 | Research | Gold Mining |
| 18:33 | Research | Gold Mining |
| 18:39 | Build | Lumber Camp |
| 19:37 | Queue | Villager (Male) |
| 19:43 | Build | Lumber Camp |
| 20:03 | Queue | Villager (Male) |
| 20:16 | Age | Castle Age |
| 20:20 | Research | Bodkin Arrow |
| 20:30 | Research | Chain Mail Armor |
| 20:30 | Queue | Villager (Male) |
| 20:39 | Queue | Skirmisher |
| 20:50 | Queue | Villager (Male) |
| 20:54 | Build | Monastery |
| 20:55 | Research | Bow Saw |
| 21:09 | Build | House |
| 21:10 | Build | House |
| 21:15 | Queue | Villager (Male) |
| 21:21 | Build | House |
| 21:23 | Build | House |
| 21:25 | Build | Castle |
| 21:32 | Build | House |
| 21:37 | Research | Squires |
| 21:38 | Queue | Monk |
| 21:48 | Queue | Villager (Male) |
| 21:56 | Research | Wheelbarrow |
| 22:00 | Build | Farm |
| 22:04 | Queue | Villager (Male) |
| 22:13 | Queue | Ghulam |
| 22:13 | Queue | Ghulam |
| 22:14 | Queue | Ghulam |
| 22:19 | Build | Farm |
| 22:26 | Queue | Ghulam |
| 22:38 | Queue | Villager (Male) |
| 22:43 | Queue | Ghulam |
Match timeline
| 4:17 | Clearlove · first_building Barracks |
| 4:27 | Clearlove · wall_segment Palisade Wall x1 |
| 4:36 | Clearlove · wall_segment Palisade Wall x1 |
| 4:37 | Clearlove · wall_segment Palisade Wall x1 |
| 8:02 | Itz_Zenta · first_building Barracks |
| 8:41 | Itz_Zenta · wall_segment Palisade Wall x1 |
| 8:42 | Itz_Zenta · wall_segment Palisade Wall x1 |
| 8:43 | Itz_Zenta · wall_segment Palisade Wall x1 |
| 8:51 | Itz_Zenta · age_up feudal |
| 9:16 | Itz_Zenta · first_building Archery Range |
| 9:40 | Clearlove · wall_segment Palisade Wall x1 |
| 9:40 | Clearlove · wall_segment Palisade Wall x1 |
| 10:41 | Itz_Zenta · wall_segment Palisade Wall x3 |
| 11:05 | Clearlove · wall_segment Palisade Wall x1 |
| 11:31 | Clearlove · age_up feudal |
| 11:33 | Clearlove · first_building Archery Range |
| 14:19 | Itz_Zenta · wall_segment Palisade Wall x2 |
| 14:26 | Itz_Zenta · wall_segment Palisade Wall x7 |
| 15:07 | Itz_Zenta · wall_segment Palisade Wall x12 |
| 15:57 | Itz_Zenta · wall_segment Palisade Wall x1 |
| 16:07 | Clearlove · wall_segment Palisade Wall x1 |
| 16:09 | Itz_Zenta · wall_segment Palisade Wall x6 |
| 16:10 | Clearlove · wall_segment Palisade Wall x6 |
| 16:20 | Itz_Zenta · wall_segment Palisade Wall x5 |
| 16:48 | Itz_Zenta · wall_segment Palisade Wall x2 |
| 16:51 | Itz_Zenta · wall_segment Palisade Wall x7 |
| 17:09 | Itz_Zenta · wall_segment Palisade Wall x5 |
| 17:35 | Clearlove · wall_segment Palisade Wall x1 |
| 17:36 | Clearlove · wall_segment Palisade Wall x1 |
| 17:39 | Clearlove · wall_segment Palisade Wall x1 |
| 20:16 | Itz_Zenta · age_up castle |
| 20:32 | Clearlove · age_up castle |
| 20:54 | Itz_Zenta · first_building Monastery |
| 21:25 | Itz_Zenta · first_building Castle |
| 23:19 | Itz_Zenta · first_building Siege Workshop |
| 23:23 | Itz_Zenta · wall_segment Palisade Wall x1 |
| 24:53 | Clearlove · first_building Monastery |
| 25:37 | Clearlove · first_building Stable |
| 26:00 | Clearlove · wall_segment Palisade Wall x1 |
| 26:14 | Clearlove · wall_segment Palisade Wall x1 |
| 27:18 | Itz_Zenta · first_market_sell 100 wood |
| 34:44 | Itz_Zenta · first_market_buy 100 food |
| 34:49 | Itz_Zenta · age_up imperial |
| 36:47 | Clearlove · first_building Castle |
| 36:59 | Clearlove · resign |
[ AI ANALYSIS · 1 CREDIT ]
What really happened in this match?
Wolo.gg analyzes every decision: build order, eco, micro, common mistakes by bracket. Personalized analysis on WhatsApp or Discord in 30 seconds.
Civ guide
Britons
Perfil
Clearlove